Map: Abyssal Reef LE

Players

uThermal

  • Race: Terran Terran
  • Spawn Location: 11:00

Kelazhur - Winner!

  • Race: Terran Terran
  • Spawn Location: 5:00

Event: WCS Jonkoping 2017

VOD

Have the link to the VOD?

Description

Time

  • Played on: June 19, 2017, 9:03 a.m.
  • Length: 20:05

All games in this series

Show
View Real Time Build Order
Export as new Build Order

uThermal Terran 

Build Orders: Reaper Expand 

Get SALT Encoding   

  12  0:01  SCV  
  13  0:13  SCV  
  14  0:17  Supply Depot  
  14  0:25  SCV  
  14  0:27  Refinery  
  15  0:38  SCV  
  16  0:44  Barracks  
  16  0:50  SCV  
  17  1:02  SCV  
  18  1:15  SCV  
  19  1:31  Orbital Command, Reaper  
  20  1:43  Command Center  
  20  1:53  Factory  
  20  1:57  SCV  
  21  2:05  Barracks Reactor  
  21  2:09  SCV  
  21  2:14  Supply Depot  
  22  2:21  SCV  
  23  2:35  SCV  
  24  2:44  Marine x2  
  24  2:45  Hellion  
  24  2:47  SCV  
  24  2:48  Refinery  
  24  2:49  Starport  
  28  2:56  Orbital Command  
  28  2:59  SCV  
  28  3:01  Marine x2  
  31  3:11  SCV  
  32  3:16  Cyclone  
  32  3:19  Marine x2  
  37  3:22  SCV  
  37  3:24  SCV  
  39  3:30  Viking  
  41  3:35  SCV, Supply Depot  
  41  3:36  SCV  
  41  3:39  Marine x2  
  45  3:47  Supply Depot  
  45  3:48  Factory Tech Lab  
  45  3:51  SCV  
  46  3:56  SCV  
  46  4:02  Marine x2  
  49  4:03  SCV  
  50  4:10  SCV  
  50  4:13  Factory Tech Lab  
  50  4:15  SCV  
  50  4:16  Raven  
  53  4:18  Bunker  
  53  4:20  Marine x2  
  53  4:22  SCV  
  53  4:23  Supply Depot  
  55  4:27  SCV  
  56  4:34  SCV  
  56  4:37  Marine  
  56  4:38  Marine  
  59  4:39  SCV  
  59  4:41  Supply Depot  
  59  4:44  Siege Tank  
  63  4:47  SCV  
  63  4:51  SCV  
  65  4:54  Command Center  
  65  4:59  SCV  
  66  5:02  Refinery  
  66  5:03  Refinery  
  66  5:04  SCV  
  67  5:08  Supply Depot  
  67  5:11  SCV  
  68  5:15  Raven  
  68  5:16  SCV, Marine x2  
  73  5:23  SCV  
  73  5:25  Supply Depot  
  74  5:29  Engineering Bay  
  74  5:30  SCV  
  74  5:31  Engineering Bay  
  74  5:35  Siege Tank, SCV  
  79  5:36  Marine  
  79  5:37  Marine  
  82  5:42  SCV  
  82  5:45  Supply Depot  
  82  5:47  SCV  
  83  5:54  Barracks  
  83  5:55  Barracks  
  83  6:00  SCV  
  84  6:04  Viking x2  
  84  6:07  Terran Infantry Weapons Level 1  
  84  6:09  Terran Infantry Armor Level 1  
  84  6:10  SCV  
  89  6:18  SCV, Marine  
  91  6:20  Siege Tank  
  91  6:22  SCV  
  95  6:28  Barracks  
  95  6:30  SCV, Barracks  
  96  6:33  Orbital Command  
  96  6:39  SCV  
  96  6:40  Marine  
  96  6:44  SCV  
  98  6:52  SCV  
  98  6:54  Barracks Reactor x2  
  99  6:56  Siege Tank  
  99  6:57  Armory  
  99  6:59  Viking  
  105  7:01  SCV  
  105  7:08  Supply Depot  
  105  7:09  Stimpack, Supply Depot  
  105  7:11  SCV x2  
  107  7:16  Refinery x2  
  107  7:19  Barracks Reactor  
  107  7:20  Barracks Reactor  
  107  7:21  SCV, Supply Depot  
  108  7:24  Marine  
  108  7:26  SCV  
  108  7:27  Supply Depot  
  108  7:28  SCV  
  110  7:33  SCV  
  110  7:34  Sensor Tower  
  111  7:38  SCV  
  111  7:40  Siege Tank, SCV  
  116  7:44  Supply Depot  
  116  7:45  SCV  
  116  7:46  Liberator x2  
  119  7:52  Marine  
  119  7:53  Marine x2  
  119  7:57  Sensor Tower  
  123  7:58  Marine x2  
  123  7:59  Marine  
  123  8:00  Marine  
  123  8:01  Marine  
  130  8:05  Marine  
  130  8:09  Supply Depot  
  130  8:10  Marine  
  130  8:11  Marine x2  
  132  8:16  Marine x2, Supply Depot  
  132  8:17  Marine x2  
  132  8:19  Marine  
  136  8:22  Terran Infantry Weapons Level 2  
  136  8:25  Terran Infantry Armor Level 2  
  135  8:27  SCV x2  
  135  8:28  SCV  
  135  8:31  Terran Vehicle Weapons Level 1  
  137  8:35  Marine x3  
  137  8:39  SCV x2  
  141  8:42  Marine x2  
  141  8:44  Marine x2  
  141  8:46  Medivac x2  
  148  8:52  Marine  
  148  8:55  Siege Tank  
  153  9:01  Marine, Supply Depot  
  153  9:07  Marine x2  
  155  9:10  Marine, Supply Depot  
  155  9:11  Supply Depot  
  155  9:14  Combat Shields  
  155  9:15  Marine x2  
  155  9:16  Factory  
  158  9:18  Supply Depot  
  158  9:19  Marine x2  
  158  9:20  Marine, Supply Depot  
  158  9:23  Medivac  
  161  9:25  Medivac  
  161  9:27  Marine  
  161  9:31  Siege Tank  
  167  9:36  Supply Depot  
  166  9:40  Marine  
  166  9:41  Marine  
  166  9:42  Marine  
  166  9:44  Marine  
  167  9:45  Marine  
  167  9:46  Marine x2  
  167  9:49  Marine x2  
  172  9:53  Medivac  
  172  9:55  Medivac  
  172  9:57  Marine  
  172  9:59  Marine  
  178  10:00  Marine, Factory Tech Lab  
  178  10:02  Marine  
  178  10:03  Siege Tank, Marine  
  178  10:05  Marine  
  185  10:08  Marine x2  
  185  10:09  Marine  
  188  10:15  Marine  
  188  10:17  Marine  
  188  10:19  Siege Tank  
  188  10:21  Marine x3  
  192  10:23  Marine  
  192  10:26  Marine  
  192  10:27  Medivac  
  194  10:32  Marine  
  194  10:35  Siege Tank, Marine  
  198  10:36  Marine x2  
  200  10:47  Terran Infantry Weapons Level 3, Terran Infantry Armor Level 3  
  200  11:01  Marine x2  
  200  11:02  Marine  
  200  11:03  Marine  
  190  11:04  Marine x2  
  190  11:07  Medivac x2  
  196  11:14  Marine  
  182  11:19  Marine x4  
  182  11:20  Marine  
  182  11:21  Marine  
  182  11:22  Marine x2  
  186  11:28  Siege Tank  
  186  11:29  Command Center  
  186  11:32  Marine  
  190  11:37  Marine x4, Medivac x2  
  190  11:38  Marine  
  190  11:39  Marine  
  199  12:06  Marine  
  199  12:07  Medivac  
  200  12:12  Terran Vehicle Weapons Level 2  
  200  12:22  Barracks  
  200  12:23  Command Center  
  200  12:25  Barracks  
  200  12:33  Marine  
  200  12:44  Marine  
  178  12:45  Siege Tank x2, Marine x2  
  178  12:46  Medivac  
  178  12:48  Marine x4  
  178  12:50  Marine  
  190  12:56  Marine  
  186  13:01  Marine  
  186  13:02  Marine, Medivac  
  186  13:03  Marine  
  188  13:06  Marine x4  
  188  13:08  Marine  
  193  13:14  Barracks Reactor, Marine x2  
  193  13:17  Siege Tank  
  193  13:19  Marine  
  199  13:20  Marine  
  200  13:38  Marine x2  
  200  13:48  Planetary Fortress  
  200  13:52  Marine x2  
  200  13:55  Marine, Viking x2  
  199  14:00  Missile Turret, Command Center  
  199  14:01  Missile Turret  
  200  14:02  Missile Turret  
  196  14:15  Marine  
  196  14:16  Marine  
  198  14:17  Marine  
  198  14:18  Marine  
  171  14:53  Marine x2  
  171  14:54  Marine  
  171  14:55  Marine  
  171  14:58  Marine x2  
  171  14:59  Siege Tank, Marine x2, Medivac  
  170  15:00  Marine x2, Medivac  
  170  15:01  Marine x2  
  176  15:08  Siege Tank  
  176  15:11  Marine x2  
  176  15:12  Marine  
  176  15:13  Marine  
  183  15:16  Marine x2, Planetary Fortress  
  183  15:17  Marine x2  
  183  15:18  Marine x2  
  183  15:19  Marine x2  
  191  15:28  Marine  
  191  15:29  Marine x2  
  191  15:30  Marine  
  191  15:31  Siege Tank  
  191  15:34  Marine x2  
  200  15:46  Marine x2  
  200  15:55  Marine  
  197  16:11  Marine  
  198  16:20  Orbital Command  
  198  16:22  Marine x3  
  198  16:23  Marine  
  198  16:24  Marine  
  198  16:25  Marine x2  
  189  16:38  Marine x2  
  175  16:42  Marine x3  
  175  16:43  Marine x2  
  175  16:44  Marine  
  175  16:45  Marine, Medivac  
  175  16:46  Marine x2  
  182  16:49  Siege Tank, Marine  
  182  16:51  Siege Tank  
  186  16:56  Marine x2  
  186  16:59  Marine  
  186  17:00  Marine x2  
  189  17:06  Marine  
  189  17:07  Marine x2  
  189  17:08  Marine x2, Medivac  
  180  17:09  Marine  
  180  17:11  Marine  
  180  17:14  Marine x2  
  181  17:17  Marine x3  
  181  17:21  Siege Tank  
  184  17:23  Siege Tank  
  184  17:24  Marine x3  
  184  17:26  Marine  
  184  17:27  Marine  
  184  17:29  Liberator x2, Marine x2, Orbital Command  
  169  17:38  Marine  
  169  17:39  Marine x3  
  169  17:42  Marine x2  
  177  17:45  Marine  
  177  17:46  Marine x2  
  177  17:47  Marine  
  177  17:48  Marine x2  
  184  17:53  Siege Tank  
  184  17:55  Siege Tank  
  184  17:57  Marine  
  184  17:58  Marine x3  
  193  18:00  Marine x2  
  193  18:07  Marine  
  193  18:08  Marine  
  194  18:14  Marine x2  
  194  18:16  Marine  
  194  18:17  Marine  
  194  18:19  Marine  
  195  18:22  Marine  
  195  18:25  Siege Tank  
  197  18:28  Siege Tank, Marine x2  
  197  18:31  Marine x2  
Show
View Real Time Build Order
Export as new Build Order

Kelazhur Terran - Winner!

Build Orders: Cyclone Opening, Reaper Expand, Bio Tank 

Get SALT Encoding   

  12  0:02  SCV  
  13  0:14  SCV  
  13  0:18  Supply Depot  
  14  0:26  SCV  
  14  0:28  Refinery  
  15  0:39  SCV  
  16  0:45  Barracks  
  16  0:52  SCV  
  17  1:04  SCV  
  18  1:16  SCV  
  19  1:32  Orbital Command, Reaper  
  20  1:48  Command Center  
  20  1:57  Factory  
  20  2:01  SCV  
  21  2:05  Barracks Reactor  
  21  2:09  Refinery  
  21  2:13  SCV  
  22  2:21  Supply Depot  
  22  2:25  SCV  
  23  2:43  Marine x2, SCV  
  25  2:44  Starport  
  25  2:55  SCV  
  28  2:59  Cyclone  
  28  3:01  Marine x2  
  31  3:08  SCV  
  31  3:12  Orbital Command  
  32  3:19  Marine x2  
  34  3:20  SCV  
  34  3:26  Medivac  
  37  3:32  SCV  
  38  3:37  Cyclone  
  38  3:41  SCV  
  42  3:45  SCV  
  42  3:47  Supply Depot  
  43  3:52  Marine x2  
  43  3:54  SCV  
  46  4:09  SCV x2, Viking  
  50  4:10  Factory Tech Lab, Supply Depot  
  50  4:12  Marine x2  
  52  4:21  SCV x2  
  54  4:32  Siege Tank  
  54  4:33  SCV  
  54  4:35  SCV  
  58  4:44  Starport Reactor  
  58  4:45  SCV  
  59  4:47  Barracks x2, Supply Depot  
  59  4:49  Barracks Tech Lab, SCV  
  60  4:57  SCV  
  61  5:01  SCV  
  62  5:08  Marine  
  62  5:09  Stimpack, SCV  
  62  5:10  Engineering Bay  
  62  5:11  Engineering Bay  
  64  5:15  Supply Depot  
  64  5:17  Siege Tank  
  64  5:20  SCV  
  67  5:21  SCV  
  67  5:28  Marine  
  69  5:33  SCV  
  69  5:35  Refinery  
  70  5:36  Marine x2, Refinery  
  70  5:37  SCV  
  70  5:38  Supply Depot  
  70  5:39  Supply Depot  
  70  5:41  Starport Reactor  
  73  5:44  Marine x2  
  73  5:45  Terran Infantry Weapons Level 1  
  73  5:46  SCV  
  73  5:47  Marine  
  73  5:49  SCV  
  78  5:59  Marine x2, SCV  
  78  6:01  Marine  
  78  6:02  Marine, Supply Depot  
  83  6:05  Terran Infantry Armor Level 1, Marine  
  85  6:11  SCV x2  
  85  6:14  Siege Tank  
  85  6:17  Marine  
  89  6:20  Marine x3  
  89  6:23  SCV  
  92  6:26  Supply Depot  
  91  6:35  SCV  
  91  6:37  Marine x2  
  91  6:38  Marine  
  92  6:46  Siege Tank  
  95  6:50  Medivac  
  95  6:51  Marine x2, Medivac  
  98  6:54  Marine  
  98  6:55  SCV  
  98  6:57  SCV  
  98  7:00  Armory  
  101  7:01  Command Center  
  101  7:03  Marine  
  101  7:05  Marine  
  101  7:07  SCV  
  104  7:09  SCV  
  104  7:12  Supply Depot  
  105  7:17  Supply Depot  
  105  7:20  Medivac  
  105  7:21  Medivac  
  108  7:31  SCV x2  
  108  7:33  Marine x4  
  108  7:36  Supply Depot  
  108  7:37  Marine  
  114  7:38  Combat Shields  
  115  7:45  Siege Tank  
  115  7:49  SCV  
  119  7:51  Marine x2  
  119  7:54  Terran Vehicle Weapons Level 1  
  121  7:59  Terran Infantry Weapons Level 2  
  121  8:03  Marine x3  
  121  8:05  SCV  
  125  8:08  SCV  
  125  8:10  Marine x2  
  128  8:17  Orbital Command  
  128  8:20  Terran Infantry Armor Level 2, Marine  
  128  8:24  Siege Tank  
  132  8:34  SCV x2, Medivac  
  134  8:38  Marine x3  
  134  8:39  Marine  
  134  8:40  Marine, Supply Depot  
  141  8:42  Supply Depot  
  141  8:50  Barracks  
  141  8:51  Barracks, Medivac  
  143  8:56  Siege Tank  
  143  8:58  Refinery  
  143  8:59  SCV  
  143  9:00  SCV x2  
  143  9:02  Marine x3  
  152  9:03  Marine  
  152  9:04  Marine  
  153  9:21  Marine  
  153  9:22  Marine x4  
  158  9:27  Command Center  
  158  9:31  Siege Tank  
  158  9:34  Medivac x2  
  158  9:36  Factory  
  163  9:39  Marine x2  
  163  9:40  Barracks Reactor x2  
  165  9:48  Marine  
  165  9:49  Supply Depot  
  165  9:52  Supply Depot  
  165  10:03  Supply Depot  
  165  10:07  Barracks  
  165  10:08  Refinery  
  165  10:09  Barracks  
  165  10:10  Barracks  
  165  10:11  Marine x5, SCV x3  
  165  10:12  Supply Depot  
  165  10:13  Supply Depot  
  173  10:16  Terran Infantry Weapons Level 3  
  173  10:19  Marine  
  173  10:21  Marine x3  
  176  10:29  Marine x3  
  176  10:30  Siege Tank, Factory Tech Lab  
  176  10:33  Terran Vehicle Weapons Level 2  
  182  10:44  Planetary Fortress  
  182  10:51  Marine x8  
  182  10:55  Siege Tank  
  193  11:02  Siege Tank  
  193  11:03  Marine x4  
  192  11:09  Marine x3  
  184  11:20  Marine x4  
  184  11:21  Marine x5  
  192  11:26  Marine  
  192  11:27  Marine  
  192  11:28  Siege Tank  
  192  11:29  Terran Infantry Armor Level 3  
  197  11:35  Supply Depot  
  197  11:38  Marine x3  
  200  11:56  Command Center  
  200  11:57  Command Center  
  196  12:08  Marine  
  196  12:09  Marine x3  
  200  12:25  Barracks Reactor x2  
  200  12:26  Command Center  
  200  12:28  Barracks Reactor  
  199  12:42  Marine  
  199  12:43  Liberator x2, Marine x3  
  190  12:44  Marine  
  190  12:46  Marine  
  190  12:47  Marine x2  
  180  12:58  Siege Tank x2, Marine  
  186  13:01  Marine  
  186  13:02  Marine x7  
  200  13:07  Command Center  
  200  13:27  Marine  
  200  13:31  Factory  
  196  13:44  Siege Tank  
  196  13:47  Siege Tank  
  197  13:49  Command Center  
  197  13:51  Marine x3  
  200  13:58  Command Center  
  198  14:03  Marine x2  
  199  14:36  Marine  
  189  14:45  Marine  
  189  14:46  Marine x5  
  189  14:48  Marine  
  189  14:51  Marine x3  
  189  14:52  Siege Tank, Marine x4  
  147  14:53  Siege Tank, Medivac x2  
  147  14:54  Marine  
  139  15:03  Marine x4  
  139  15:04  Marine x2  
  139  15:06  Marine  
  146  15:09  Marine  
  146  15:10  Marine x4  
  146  15:11  Marine x2  
  146  15:12  Marine  
  146  15:14  Planetary Fortress, Missile Turret  
  154  15:18  Orbital Command  
  154  15:21  Marine x5  
  154  15:22  Marine  
  154  15:23  Sensor Tower  
  155  15:29  Marine x5  
  160  15:38  Marine  
  160  15:40  Marine  
  160  15:41  Marine x8  
  168  15:43  Siege Tank x2  
  168  15:46  Marine  
  168  15:47  Marine x2  
  168  15:48  Marine  
  178  15:50  Marine  
  178  15:52  Medivac x2  
  178  15:55  Marine  
  184  15:58  Marine x5  
  184  15:59  Marine  
  190  16:05  Marine x6  
  190  16:06  Marine  
  190  16:08  Marine  
  190  16:10  Missile Turret  
  195  16:13  Marine  
  195  16:15  Siege Tank  
  195  16:16  Marine  
  189  16:25  Marine  
  189  16:29  Medivac x2  
  189  16:30  Siege Tank  
  192  16:35  Marine  
  192  16:36  Marine  
  180  16:43  Marine  
  180  16:44  Marine x3  
  172  16:47  Siege Tank  
  172  16:52  Marine  
  172  16:53  Marine  
  172  16:54  Marine x6  
  169  16:59  Marine  
  169  17:00  Marine x2  
  172  17:01  Orbital Command  
  172  17:02  Medivac x2  
  172  17:03  Marine  
  159  17:08  Orbital Command, Marine  
  159  17:09  Marine x2  
  159  17:10  Marine  
  159  17:11  Marine  
  159  17:12  Marine  
  159  17:14  Marine  
  160  17:19  Marine x7  
  160  17:21  Marine  
  168  17:26  Siege Tank x2, Marine  
  168  17:27  Marine x2  
  168  17:28  Marine  
  168  17:29  Marine x2  
  173  17:31  Marine  
  173  17:34  Orbital Command  
  173  17:37  Marine x7  
  174  17:44  Medivac  
  174  17:49  Orbital Command  
  176  17:54  Marine  
  176  17:58  Siege Tank, Medivac  
  182  18:01  Marine  
  178  18:08  Marine  
  177  18:14  Medivac  
  177  18:18  Marine  
  176  18:25  Siege Tank  
  179  18:27  Marine x2  
  179  18:28  Medivac  
  179  18:29  Marine x4  
  179  18:33  Marine  
  185  18:40  Marine x5  
  185  18:41  Marine x2  
  177  18:45  Medivac  
  166  18:52  Marine  
  166  18:53  Marine x4  
  166  18:54  Marine  
  159  18:57  Marine  
  159  18:58  Marine  
  145  19:11  Marine  
  145  19:12  Marine x7  
  147  19:18  Marine  
  147  19:24  Marine  
  141  19:29  Marine  
  128  19:34  Marine  
  128  19:35  Marine  
  128  19:36  Marine x11  
  137  19:41  Marine  
  138  19:47  Marine  
Tags
 
Add a new tag
Caveats
  • Supply blocks, unpowered buildings, or Contaminate may cause inaccurate times.
  • Supply counts are checked every 10 seconds.